 Dungeon Crawl Stone Soup version 0.29-a0-317-gd16b76e6b1 (webtiles) character file.

Game seed: 15354749777948236506

324 Dabor the Insei (level 6, -3/46 HPs)
             Began as a Demonspawn Transmuter on Apr 1, 2022.
             Was an Initiate of Hepliaklqana.
             Slain by a gnoll
             ... wielding a +0 club
              (5 damage)
             ... on level 4 of the Dungeon.
             The game lasted 00:05:54 (3172 turns).

Dabor the Insei (Demonspawn Transmuter)             Turns: 3172, Time: 00:05:54

Health: -3/46      AC:  0    Str: 12    XL:     6   Next: 23%
Magic:  0/10       EV: 12    Int: 18    God:    Hepliaklqana [......]
Gold:   119        SH:  0    Dex: 13    Spells: 7/11 levels left

rFire   . . .      SeeInvis .     - Unarmed
rCold   . . .      Faith    .   (no shield)
rNeg    . . .      Spirit   +   a - +0 robe
rPois   +          Reflect  .   (helmet currently unavailable)
rElec   .          Harm     .   p - -4 cloak of a Labyrinth {Regen+ Int+3}
rCorr   .          Rampage  .   s - +0 pair of gloves
Will    .....                   (boots currently unavailable)
Stlth   +.........              (no amulet)
HPRegen 0.95/turn               o - ring of poison resistance
MPRegen 0.24/turn               v - ring of wizardry

@: appendages, wereblooded, unable to read
A: talons 2, magic shield, magic regeneration, demonic touch 2, horns 2,
inability to read while threatened
a: End Transformation, Renounce Religion


You were on level 4 of the Dungeon.
You worshipped Hepliaklqana.
Hepliaklqana was noncommittal.
You had temporarily grown beastly talons.
You visited 1 branch of the dungeon, and saw 4 of its levels.

You collected 150 gold pieces.
You spent 31 gold pieces at shops.

Inventory:

Missiles
 d - 7 poisoned darts
 i - 5 datura-tipped darts
Armour
 a - a +0 robe (worn)
 e - a +0 cloak
 l - a +0 pair of boots (melded)
 p - the -4 cloak of a Labyrinth (worn) {Regen+ Int+3}
   (You bought it in a shop on level 2 of the Dungeon)

   Int:       It affects your intelligence (+3).
   Regen:     It increases your rate of health regeneration.
 s - a +0 pair of gloves (worn)
Jewellery
 o - a ring of poison resistance (left hand)
 v - a ring of wizardry (right hand)
 C - an amulet of guardian spirit
 D - a ring of ice
Scrolls
 c - a scroll of silence
 f - 3 scrolls of teleportation
 g - a scroll of brand weapon {unknown}
 h - a scroll of immolation
 k - 3 scrolls of fear
 m - 3 scrolls of amnesia
 n - 3 scrolls of enchant armour {unknown}
 y - 2 scrolls of enchant weapon {unknown}
Potions
 b - a potion of lignification
 j - a potion of mutation
 q - a potion of curing
 r - a potion of haste
 t - a potion of might {unknown}
 u - a potion of attraction {unknown}
 w - a potion of heal wounds {unknown}
 x - a potion of ambrosia {unknown}
 z - a potion of magic {unknown}
 A - a potion of flight {unknown}
 B - 2 potions of degeneration {unknown}


   Skills:
 + Level 2.7 Fighting
 + Level 3.0 Dodging
 + Level 3.7 Unarmed Combat
 + Level 3.1 Spellcasting
 + Level 0.9 Summonings
 + Level 3.0 Transmutations


You had 7 spell levels left.
You knew the following spells:

 Your Spells              Type           Power      Damage    Failure   Level
a - Beastly Appendage     Tmut           26%        N/A       1%          1
b - Wereblood             Tmut           13%        N/A       2%          2
c - Summon Small Mammal   Summ           24%        N/A       4%          1

Your spell library contained the following spells:

 Spells                   Type           Power      Damage    Failure   Level
 Spider Form              Tmut/Pois      8%         N/A       11%         3
 Call Canine Familiar     Summ           6%         N/A       13%         3
 Summon Guardian Golem    Hex/Summ       4%         N/A       16%         3
 Ice Form                 Ice/Tmut       8%         N/A       32%         4


Dungeon Overview and Level Annotations

Branches:
Dungeon (3/15)

Altars:
Elyvilon
Hepliaklqana

Shops:
D:2 [*:*!   D:3 !


Innate Abilities, Weirdness & Mutations

You have temporarily grown beastly talons.
When hurt, damage is shared between your health and your magic reserves.
You regenerate magic rapidly.
Your touch may inflict irresistible damage on your foes.
You have a pair of horns on your head.
You sometimes lose the ability to read scrolls when taking damage.


Message History

The gnoll hits you with a +0 club.
You barely miss the gnoll. Your kick misses the gnoll.
The gnoll is moderately wounded.
The gnoll closely misses you.
You closely miss the gnoll. You headbutt the gnoll.
The gnoll is heavily wounded.
The gnoll closely misses you. The ball python barely misses you.
The ball python grabs you. The ball python constricts you.
The gnoll closely misses you.
You hit the gnoll.
The gnoll is severely wounded.
The gnoll hits you with a +0 club. The ball python bites you.
The ball python constricts you.
You hit the ball python.
You feel a bit better.
You kill the ball python!
The gnoll closely misses you. The gnoll hits you with a +0 club!
You hit the gnoll. You claw the gnoll.
The gnoll is severely wounded.
The gnoll hits you from afar with a +0 halberd!
You feel threatened and lose the ability to read scrolls!
The gnoll barely misses you. The gnoll hits you with a +0 club.
You closely miss the gnoll. Your kick misses the gnoll.
Your touch misses the gnoll.
The gnoll is severely wounded.
The gnoll hits you from afar with a +0 halberd.
The gnoll barely misses you. The gnoll hits you with a +0 club.
You hit the gnoll.
The gnoll is almost dead.
The gnoll barely misses you. The gnoll hits you with a +0 club!
* * * LOW HITPOINT WARNING * * *
The gnoll hits you with a +0 club.
* * * LOW HITPOINT WARNING * * *
You feel better.
You howl as the wereblood boils in your veins!
The gnoll hits you from afar with a +0 halberd.
* * * LOW HITPOINT WARNING * * *
The gnoll hits you with a +0 club.
* * * LOW HITPOINT WARNING * * *
The gnoll hits you with a +0 club.
You die...

#.#
#.....................
#.#
#..........###########
########.#
#......g...#
.........#
#..........#
#######..#
#..........########
#.####..#
####.o#...........#
#.......#
##g#...........#
#.####'####
#g#...........#
#.......#
#@#...........#
#.......#
#rg...........#
#.......#
##............####
#.......#
#................
#.....).#
##.##'######.....
#.......#######.##.#
#.....
####'#####.......#.#
#..... #.#
##.....#.#.# #.....
#.# #......#...#
#.....


You could see 3 gnolls, an orc and a friendly rat (summoned).

Vanquished Creatures
  2 hounds
  Natasha (thrice) (D:3)
  2 iguanas (D:3)
  A gnoll (D:4)
  5 adders
  A white imp (D:3)
  4 worms
  3 dart slugs
  An orc (D:4)
  3 bats
  6 endoplasms
  3 giant cockroaches (D:1)
  9 goblins
  6 hobgoblins
  4 jackals (D:4)
  5 kobolds
  A quokka (D:3)
  A ball python (D:4)
  4 frilled lizards
  A rat (D:1)
65 creatures vanquished.

Notes
Turn   | Place    | Note
-------+----------+-------------------------------------------
     0 | D:1      | Dabor the Demonspawn Transmuter began the quest for the
                  | Orb.
     0 | D:1      | Reached XP level 1. HP: 15/15 MP: 3/3
   253 | D:1      | Gained mutation: Your touch may inflict minor irresistible
                  | damage on your foes. [demonic ancestry]
   253 | D:1      | Reached XP level 2. HP: 17/21 MP: 3/5
  1226 | D:2      | Found Ero Qumm's Book Shoppe.
  1231 | D:2      | Gained mutation: You regenerate magic rapidly. [demonic
                  | ancestry]
  1231 | D:2      | Reached XP level 3. HP: 16/26 MP: 4/6
  1371 | D:2      | Found Ydodoish's General Store.
  1376 | D:2      | Bought the -4 cloak of a Labyrinth {Regen+ Int+3} for 1
                  | gold piece
  1376 | D:2      | Bought a potion of curing for 30 gold pieces
  1458 | D:2      | Found Bastroxt's Distillery.
  1489 | D:2      | Found Zibim's General Store.
  1551 | D:2      | Gained mutation: Your touch may inflict irresistible damage
                  | on your foes. [demonic ancestry]
  1551 | D:2      | Reached XP level 4. HP: 33/33 MP: 7/7
  1604 | D:2      | Found Ampup's Antique Armour Shop.
  1954 | D:2      | Gained mutation: You sometimes lose the ability to read
                  | scrolls when taking damage. [potion of mutation]
  1954 | D:2      | Gained mutation: You have a pair of small horns on your
                  | head. [potion of mutation]
  1954 | D:2      | Gained mutation: You have a pair of horns on your head.
                  | [potion of mutation]
  1982 | D:3      | Found Meluzaist's Distillery.
  2074 | D:3      | Learned a level 2 spell: Wereblood
  2112 | D:3      | Reached XP level 5. HP: 19/38 MP: 7/9
  2197 | D:3      | Learned a level 1 spell: Summon Small Mammal
  2285 | D:3      | Noticed Natasha
  2305 | D:3      | Killed Natasha
  2395 | D:3      | Found a hazy altar of Hepliaklqana.
  2522 | D:3      | Noticed Natasha
  2528 | D:3      | Killed Natasha
  2535 | D:3      | Became a worshipper of Hepliaklqana the Forgotten
  2630 | D:3      | Noticed Natasha
  2635 | D:3      | Killed Natasha
  2664 | D:3      | Found a faded altar of an unknown god.
  2865 | D:3      | You fall into a shaft and drop 1 floor!
  2918 | D:4      | Gained mutation: When hurt, damage is shared between your
                  | health and your magic reserves. [demonic ancestry]
  2918 | D:4      | Reached XP level 6. HP: 44/46 MP: 10/10
  3172 | D:4      | HP: 2/46 [gnoll/+0 club (5)]
  3172 | D:4      | Slain by a gnoll

Illustrated notes

Levels and vault maps discovered:
D:1:      eino_arrival_tree_alley, layout_loops_corners, minmay_misc_feat_tiny,
          roderic_cross_of_infinity, minivault_11, minmay_crystal_room,
          chequers_serial_rivers_micro_c, chequers_serial_rivers_small_a,
          chequers_serial_rivers_micro_c, minmay_worlds_worst_comb
D:2:      layout_basic, serial_shops, shop, nicolae_shop_behind_doors,
          nicolae_shop_advertising_works [nicolae_subvault_shop_adworks],
          nicolae_shop_hallway_plus, shop
D:3:      layout_loops_ring, general_overflow_altar,
          mainiacjoe_overflow_24_doors, serial_shops,
          nicolae_shop_hallway_stairs, hellmonk_ecumenical_altar_lost_god,
          columned_hall_lemuel, hex_large, minmay_misc_feat_nine_boxes,
          minmay_statues_item, uniq_natasha
D:4:      lemuel_castle_with_subvaults [lemuel_castle_interior_carwin_1],
          layout_basic, uniq_grinder, uniq_edmund

Skill      XL: |  1  2  3  4  5 |
---------------+----------------+-----
Dodging        | 2 3 |  3.0
Transmutations | 2 3 |  3.0
Unarmed Combat | 3 |  3.7
Fighting       | 2 |  2.7
Spellcasting   | 3 |  3.1
Summonings     | |  0.9

Action                   |  1- 3 |  4- 6 || total
-------------------------+-------+-------++-------
Melee: Unarmed           |    75 |   126 ||   201
       Kick              |    19 |    14 ||    33
       Headbutt          |    10 |    22 ||    32
       Touch             |    10 |    18 ||    28
       Punch             |     1 |       ||     1
 Cast: Beastly Appendage |    21 |    15 ||    36
       Wereblood         |       |     4 ||     4
       Summon Small Mamm |       |     1 ||     1
  Use: Scroll            |       |     5 ||     5
       Potion            |       |     3 ||     3
 Stab: Sleeping          |     1 |     1 ||     2
Armor: Robe              |     4 |     1 ||     5
Dodge: Dodged            |    47 |    69 ||   116

Table legend: (Time is in decaauts)
 A = Elapsed time spent in this place.
 B = Non-inter-level travel time spent in this place.
 C = Inter-level travel time spent in this place.
 D = Time resting spent in this place.
 E = Time spent auto-exploring this place.
 F = Levels seen in this place.
 G = Mean time per level.
                   A        B        C        D        E       F      G
               +--------+--------+--------+--------+--------+-----+--------+
         Total |   3142 |   3058 |     84 |     24 |   2422 |   4 |  785.5 |
       Dungeon |   3142 |   3058 |     84 |     24 |   2422 |   4 |  785.5 |
               +--------+--------+--------+--------+--------+-----+--------+

Top non-repeatable levels by time:
     D:1: 1218 daAuts
     D:3: 870 daAuts
     D:2: 750 daAuts
     D:4: 303 daAuts
